 Dungeon Crawl Stone Soup version 0.27-a0-200-g8ba017916c (webtiles) character file.

Game seed: 18096190607104027493

35 epen the Skirmisher (level 3, 0/29 HPs)
             Began as a Formicid Monk on Jan 29, 2021.
             Succumbed to an adder's poison
             ... on level 3 of the Dungeon.
             The game lasted 00:01:30 (1258 turns).

epen the Skirmisher (Formicid Monk)                 Turns: 1258, Time: 00:01:31

Health: 0/29       AC:  2    Str: 16    XL:     3   Next: 52%
Magic:  3/3        EV: 13    Int:  9    God:
Gold:   32         SH:  0    Dex: 13    Spells: 2/2 levels left

rFire    . . .     SeeInvis +   a - +0 spear
rCold    . . .     Faith    .   (no shield)
rNeg     . . .     Spirit   .   b - +0 robe
rPois    .         Reflect  .   (helmet unavailable)
rElec    .         Harm     .   (no cloak)
rCorr    .         Rampage  .   (no gloves)
Will     .....                  (no boots)
Stlth    ++........             (no amulet)
HPRegen  0.09/turn              (no ring)
MPRegen  0.08/turn              (no ring)

@: lethally poisoned (0 -> -11), flying, very slightly contaminated, invisible
A: permanent stasis, dig shafts and tunnels, four strong arms, antennae 3
a: Dig, Shaft Self


You were on level 3 of the Dungeon.
You visited 1 branch of the dungeon, and saw 3 of its levels.

You collected 32 gold pieces.

Inventory:

Hand Weapons
 a - a +0 spear (weapon)
 d - a +2 whip of flaming
Armour
 b - a +0 robe (worn)
 f - a +2 tower shield
Scrolls
 e - a scroll of teleportation {unknown}
 g - a scroll of fear {unknown}


   Skills:
 + Level 3.6 Fighting
 * Level 3.6 Polearms
 + Level 1.1 Armour
 + Level 3.0 Dodging
 - Level 2.4 Stealth


You had 2 spell levels left.
You didn't know any spells.
Your spell library was empty.

Dungeon Overview and Level Annotations

Branches:
Dungeon (3/15)

Altars:


Innate Abilities, Weirdness & Mutations

You cannot be hasted, slowed, berserked, paralysed or teleported.
You can dig through walls and to a lower floor.
Your four strong arms can wield two-handed weapons with a shield.
You have a pair of large antennae on your head. (SInv)


Message History

* * * LOW HITPOINT WARNING * * *
You feel sick. The adder barely misses you.
You see here a bat corpse.
You hit the adder.
You kill the adder!
* * * LOW HITPOINT WARNING * * *
You feel sick.
Your Dodging skill increases to level 3!
* * * LOW HITPOINT WARNING * * *
You feel sick.
* * * LOW HITPOINT WARNING * * *
You feel sick.
* * * LOW HITPOINT WARNING * * *
You feel sick.
There is a stone staircase leading down here.
* * * LOW HITPOINT WARNING * * *
You feel sick.
You fly downwards.
A quokka comes into view.
You die...

#r. ... # #.#
.# ..# #.###
#........
##.#...#
.#####......#
.......@....#
######.....##
##.#..#
#.#..# #.# .#
#.. .. #.# ##
#.#


You could see a quokka (asleep).

Vanquished Creatures
  An adder (D:2)
  A dart slug (D:1)
  A leopard gecko (D:1)
  7 goblins (D:1)
  3 hobgoblins (D:1)
  4 bats
  3 frilled lizards (D:1)
  2 kobolds (D:1)
  3 rats (D:1)
25 creatures vanquished.

Notes
Turn   | Place    | Note
-------+----------+-------------------------------------------
     0 | D:1      | epen the Formicid Monk began the quest for the Orb.
     0 | D:1      | Reached XP level 1. HP: 18/18 MP: 1/1
   382 | D:1      | Reached XP level 2. HP: 20/24 MP: 2/2
   780 | D:1      | Reached XP level 3. HP: 29/29 MP: 3/3
   795 | D:1      | Reached skill level 1 in Armour
  1257 | D:2      | HP: 1/29 [poisoned by an adder]
  1258 | D:3      | Succumbed to an adder's poison

Illustrated notes

Levels and vault maps discovered:
D:1:      eino_arrival_cavern_c, layout_basic
D:2:      layout_basic, grunt_gozag_breadcrumbs, fiery_altar_vehumet,
          uniq_robin, uniq_sigmund, uniq_jessica
D:3:      layout_loops_ring, old_standard_altar, nicolae_overflow_crystal_walls,
          minmay_circle_x

Skill      XL: |  1  2  3 |
---------------+----------+-----
Armour         | 1 |  1.1
Dodging        | 3 |  3.0
Fighting       | |  3.6
Polearms       | |  3.6
Stealth        | |  2.4

Action                   || total
-------------------------++-------
Melee: Whip              ||    66
       Spear             ||    12
  Use: Potion            ||     2
 Stab: Sleeping          ||     6
Armor: Robe              ||     9
Dodge: Dodged            ||    46

Table legend: (Time is in decaauts)
 A = Elapsed time spent in this place.
 B = Non-inter-level travel time spent in this place.
 C = Inter-level travel time spent in this place.
 D = Time resting spent in this place.
 E = Time spent auto-exploring this place.
 F = Levels seen in this place.
 G = Mean time per level.
                   A        B        C        D        E       F      G
               +--------+--------+--------+--------+--------+-----+--------+
         Total |   1262 |   1243 |     19 |    130 |    877 |   3 |  420.7 |
       Dungeon |   1262 |   1243 |     19 |    130 |    877 |   3 |  420.7 |
               +--------+--------+--------+--------+--------+-----+--------+

Top non-repeatable levels by time:
     D:1: 1195 daAuts
     D:2: 67 daAuts
